 Dungeon Crawl Stone Soup version 0.28.0 (webtiles) character file.

Game seed: 17458450835375906579

2437 pkoi the Cleaver (level 9, 0/75 HPs)
             Began as a Minotaur Gladiator on Feb 10, 2022.
             Was a Believer of Makhleb.
             Succumbed to a killer bee's poison
             ... on level 7 of the Dungeon.
             The game lasted 00:09:16 (7223 turns).

pkoi the Cleaver (Minotaur Gladiator)               Turns: 7223, Time: 00:09:17

Health: 0/75       AC:  8    Str: 22      XL:     9   Next: 25%
Magic:  9/9        EV: 12    Int:  5      God:    Makhleb [**....]
Gold:   364        SH:  0    Dex: 12 (13) Spells: 8/8 levels left

rFire   + . .      SeeInvis +   y - +0 broad axe
rCold   + . .      Faith    .   (no shield)
rNeg    . . .      Spirit   .   g - +0 ring mail
rPois   +          Reflect  .   c - +1 hat
rElec   +          Harm     .   (no cloak)
rCorr   +          Rampage  +   (no gloves)
Will    .....                   l - +0 pair of boots {rampage}
Stlth   +.........              q - amulet "Axkam" {Acrobat rCorr Slay+3 SInv}
HPRegen 0.22/turn               (no ring)
MPRegen 0.11/turn               (no ring)

@: lethally poisoned (0 -> -2), resistant, attractive, flying, hasted,
invisible, very quick
A: horns 2, retaliatory headbutt, hooves 1, deterioration 1, low MP 1
a: Renounce Religion, Minor Destruction


You were on level 7 of the Dungeon.
You worshipped Makhleb.
Makhleb was pleased with you.
You visited 1 branch of the dungeon, and saw 7 of its levels.
You also visited: Sewer.

You collected 364 gold pieces.

Inventory:

Hand Weapons
 a - a +1 war axe
 y - a +0 broad axe (weapon)
Missiles
 d - 3 throwing nets (quivered)
 j - 7 datura-tipped darts
Armour
 c - a +1 hat (worn)
 g - a +0 ring mail (worn)
 l - a +0 pair of boots of rampaging (worn)
Jewellery
 n - a +6 ring of strength
 q - the amulet "Axkam" (around neck) {Acrobat rCorr Slay+3 SInv}
   (You acquired it on level 3 of the Dungeon)

   [amulet of the acrobat]

   It increases your evasion while moving and waiting.
   Slay:      It affects your accuracy & damage with ranged weapons and melee
   (+3).
   SInv:      It lets you see invisible.
   rCorr:     It protects you from acid and corrosion.
 u - an amulet of reflection
 G - a ring of poison resistance
Wands
 b - a wand of digging (3)
 p - a wand of flame (3)
 w - a wand of iceblast (5)
 C - a wand of polymorph (10)
 D - a wand of charming (5)
Scrolls
 k - a scroll of holy word
 m - 3 scrolls of enchant weapon
 o - 3 scrolls of fog
 s - a scroll of identify
 E - a scroll of teleportation
Potions
 e - a potion of attraction
 f - 3 potions of cancellation
 h - 2 potions of haste
 i - a potion of brilliance
 t - a potion of lignification
 v - a potion of ambrosia
 x - a potion of heal wounds {unknown}
 z - a potion of invisibility
 A - a potion of magic
 B - a potion of resistance


   Skills:
 + Level 5.9 Fighting
 * Level 10.3 Axes
 - Level 2.0 Throwing
 + Level 5.0 Armour
 - Level 3.2 Dodging
 + Level 3.3 Invocations
 + Level 5.3 Evocations


You had 8 spell levels left.
You didn't know any spells.
Your spell library contained the following spells:

 Spells                   Type           Power      Damage    Failure   Level
 Animate Skeleton         Necr           0%         N/A       63%         1
 Pain                     Necr           0%         1d4       63%         1
 Corpse Rot               Necr/Air       0%         N/A       77%         2
 Static Discharge         Conj/Air       0%         N/A       77%         2
 Gell's Gravitas          Tloc           0%         N/A       94%         3
 Teleport Other           Tloc           0%         N/A       94%         3
 Vampiric Draining        Necr           0%         2d6       94%         3
 Lightning Bolt           Conj/Air       0%         1d11      100%        5
 Dispersal                Tloc           0%         N/A       100%        6
 Malign Gateway           Summ/Tloc      0%         N/A       100%        7
 Summon Horrible Things   Summ           0%         N/A       100%        8


Dungeon Overview and Level Annotations

Branches:
Dungeon (7/15)             Temple (0/1) D:6           Sewer (visited)

Altars:
Ashenzari
Gozag
Kikubaaqudgha
Makhleb
Sif Muna
Trog
Vehumet
Xom

Annotations:
D:6 3 runed translucent doors, SnakkuSnakku7's ghost, novice HuEn


Innate Abilities, Weirdness & Mutations

You have a pair of horns on your head.
You reflexively headbutt those who attack you in melee.
You have large cloven feet.
Your body sometimes deteriorates upon taking damage.
Your magical capacity is low. (-10% MP)


Message History

* * * LOW HITPOINT WARNING * * *
Your body deteriorates!
You feel clumsy.
It was a potion of resistance.
You feel protected.
* * * LOW HITPOINT WARNING * * *
You feel sick.
You completely miss the orc wizard.
The orc wizard is heavily wounded.
* * * LOW HITPOINT WARNING * * *
You feel sick.
The orc wizard gestures at you while chanting.
You easily resist.
You closely miss the orc wizard.
The orc wizard is heavily wounded.
* * * LOW HITPOINT WARNING * * *
You feel sick.
The orc wizard hits you but does no damage.
You hit the orc wizard.
The orc wizard is almost dead.
* * * LOW HITPOINT WARNING * * *
You feel sick.
The orc wizard gestures at you while chanting.
The magic dart hits the orc wizard!
The orc wizard dies!
The orc wizard gestures at you while chanting.
The magic dart hits you.
* * * LOW HITPOINT WARNING * * *
It was a potion of haste.
You feel yourself speed up.
* * * LOW HITPOINT WARNING * * *
You feel sick.
It was a potion of attraction.
You feel attractive to monsters.
It was a potion of invisibility.
You fade into invisibility!
* * * LOW HITPOINT WARNING * * *
You feel sick. The orc wizard closely misses you.
It was a potion of flight.
You feel very buoyant.
You fly up into the air.
You die...

............#
............#
............##
.............#
.............#
#########....#
################o####
################o#
..°......$($($##@#
################.#
○○°.○○°.......##.#
############+###.#
#.........##.#
#####.###.###....#
............######
.......##.#.#
.......##.#.#


You could see an orc wizard (invisible) and an orc.

Vanquished Creatures
  Sigmund (D:4)
  Menkaure (D:4)
  A water moccasin (D:5)
  A sky beast (D:6)
  An ice beast (D:6)
  2 necrophages
  4 ogres
  2 kobold brigands
  A scorpion (D:4)
  A water moccasin skeleton (D:6)
  3 killer bees (D:7)
  4 wights (D:6)
  A howler monkey (D:5)
  3 crimson imps (D:3)
  A hound (D:5)
  2 jellies (D:6)
  An orc priest (D:3)
  A bullfrog skeleton (D:5)
  2 centaur skeletons
  2 iguanas (D:6)
  6 orc wizards
  A killer bee zombie (D:6)
  A gnoll (D:1)
  8 adders
  2 river rats (Sewer)
  3 adder skeletons (D:4)
  A worm (D:4)
  2 dart slugs
  15 orcs
  13 ball pythons
  7 bats
  7 endoplasms
  3 giant cockroaches
  3 goblins
  12 hobgoblins
  20 kobolds
  2 quokkas
  2 frilled lizards
  26 rats
169 creatures vanquished.

Vanquished Creatures (others)
  An orc wizard (D:7)
1 creature vanquished.

Grand Total: 170 creatures vanquished

Notes
Turn   | Place    | Note
-------+----------+-------------------------------------------
     0 | D:1      | pkoi the Minotaur Gladiator began the quest for the Orb.
     0 | D:1      | Reached XP level 1. HP: 18/18 MP: 0/0
    86 | D:1      | Reached skill level 4 in Axes
    86 | D:1      | Reached XP level 2. HP: 25/25 MP: 1/1
   369 | D:1      | Reached skill level 5 in Axes
   463 | D:1      | Reached XP level 3. HP: 30/30 MP: 2/2
  1123 | D:2      | Found a faded altar of an unknown god.
  1569 | D:2      | Reached skill level 6 in Axes
  1569 | D:2      | Reached XP level 4. HP: 37/37 MP: 3/3
  1949 | D:3      | Identified a scroll of acquirement
  1949 | D:3      | Acquired the amulet "Axkam" {Acrobat rCorr Slay+3 SInv}
  2024 | D:3      | Reached skill level 1 in Evocations
  2033 | D:3      | Reached XP level 5. HP: 16/42 MP: 4/4
  2461 | D:3      | Found a shimmering altar of Xom.
  2639 | D:3      | Reached skill level 7 in Axes
  2901 | D:3      | Reached XP level 6. HP: 41/50 MP: 5/5
  3063 | D:4      | Noticed Sigmund
  3091 | D:4      | Killed Sigmund
  3092 | D:4      | Reached skill level 1 in Armour
  3204 | D:3      | Reached XP level 7. HP: 37/57 MP: 6/6
  3499 | D:4      | Found a burning altar of Makhleb.
  3602 | D:4      | Reached skill level 8 in Axes
  3720 | D:4      | Found a broken altar of Ashenzari.
  3878 | D:4      | Noticed Menkaure
  3884 | D:4      | Killed Menkaure
  3909 | D:4      | Found an ancient bone altar of Kikubaaqudgha.
  3909 | D:4      | Found a shimmering blue altar of Sif Muna.
  3912 | D:4      | Found a bloodstained altar of Trog.
  3922 | D:4      | Got Sif Muna's Tome of the Dark Birds
  3996 | D:4      | Became a worshipper of Makhleb the Destroyer
  4005 | D:5      | Entered Level 5 of the Dungeon
  4083 | D:5      | Reached XP level 8. HP: 55/66 MP: 7/7
  4275 | D:5      | Reached skill level 1 in Invocations
  4540 | D:5      | Found a glowing drain.
  4549 | Sewer    | Entered a sewer
  4631 | Sewer    | Reached skill level 9 in Axes
  4909 | Sewer    | Reached * piety under Makhleb
  5256 | D:5      | Found a radiant altar of Vehumet.
  5821 | D:6      | Reached skill level 5 in Fighting
  5832 | D:6      | Found a runed translucent gate.
  5832 | D:6      | Found a runed translucent gate.
  5832 | D:6      | Found a runed translucent gate.
  5833 | D:6      | Found an opulent altar of Gozag.
  5834 | D:6      | Noticed SnakkuSnakku7's ghost (novice HuEn)
  5834 | D:6      | Noticed a manticore
  5839 | D:6      | Reached ** piety under Makhleb
  6241 | D:6      | Reached skill level 5 in Evocations
  6490 | D:6      | Reached skill level 10 in Axes
  6490 | D:6      | Reached XP level 9. HP: 61/74 MP: 10/10
  6701 | D:6      | Found a staircase to the Ecumenical Temple.
  7208 | D:7      | Reached skill level 5 in Armour
  7215 | D:7      | Gained mutation: Your magical capacity is low. (-10% MP)
                  | [potion of mutation]
  7215 | D:7      | Gained mutation: You have large cloven feet. [potion of
                  | mutation]
  7215 | D:7      | Gained mutation: Your body sometimes deteriorates upon
                  | taking damage. [potion of mutation]
  7219 | D:7      | HP: 2/75 [orc wizard/magic dart (3)]
  7223 | D:7      | Succumbed to a killer bee's poison

Illustrated notes

Levels and vault maps discovered:
D:1:      noname_arrival_rooms_in_the_neighbourhood, layout_loops_corners
D:2:      layout_basic, ebering_ecumenical_altar_box, kennysheep_generic_room_11
D:3:      layout_basic, led_xom_imps, kennysheep_generic_room_4
D:4:      layout_cave_pools, mainiacjoe_overflow_alcove_1,
          nicolae_overflow_crystal_walls, gammafunk_temple_overflow_claw,
          uniq_menkaure, uniq_sigmund
D:5:      layout_loops_cross, mainiacjoe_overflow_boulevard,
          portal_sewer_entry_d
D:6:      layout_basic, minmay_temple_entry_poolview, ebering_ghost_gozag
D:7:      lemuel_ice_spiral_2, layout_basic, dancing_weapons_uskayaw,
          tgw_fedhas, chequers_serial_rivers_micro_d

Skill      XL: |  1  2  3  4  5  6  7  8  9 |
---------------+----------------------------+-----
Axes           | 4 5 6 7 8 10 | 10.3
Evocations     | 1 2 3 4 5 |  5.3
Fighting       | 3 4 5 |  5.9
Armour         | 1 3 4 5 |  5.0
Invocations    | 2 3 |  3.3
Throwing       | |  2.0
Dodging        | |  3.2

Action                   |  1- 3 |  4- 6 |  7- 9 || total
-------------------------+-------+-------+-------++-------
Melee: War axe           |    56 |    68 |   110 ||   234
       Headbutt          |     5 |    10 |    36 ||    51
       Punch             |       |     2 |     1 ||     3
       Broad axe         |       |       |    84 ||    84
Evoke: Wand              |       |     9 |       ||     9
  Use: Scroll            |     2 |     4 |     7 ||    13
       Potion            |       |     1 |     6 ||     7
Armor: Ring mail         |    17 |    13 |    56 ||    86
       Skin              |       |     4 |       ||     4
Dodge: Dodged            |    39 |    36 |   160 ||   235
